 Dungeon Crawl Stone Soup version 0.28-a0-224-g76b539d98b (webtiles) character file.

Game seed: 18062530149120426742

73 Mesmaeker13 the Digger (level 4, -1/33 HPs)
             Began as a Ghoul Earth Elementalist on Aug 21, 2021.
             Slain by Natasha (2 damage)
             ... on level 2 of the Dungeon.
             The game lasted 00:03:09 (2461 turns).

Mesmaeker13 the Digger (Ghoul Earth Elementalist)   Turns: 2461, Time: 00:03:09

Health: -1/33      AC:  2    Str: 10 (11) XL:     4   Next: 27%
Magic:  0/6        EV: 12    Int: 10 (11) God:
Gold:   141        SH:  0    Dex: 13 (15) Spells: 3/7 levels left

rFire   . . .      SeeInvis .   a - +0 dagger
rCold   + . .      Faith    .   (no shield)
rNeg    + + +      Spirit   .   b - +0 robe
rPois   ∞          Reflect  .   (no helmet)
rElec   .          Harm     .   (no cloak)
rCorr   .          Rampage  .   (no gloves)
Will    .....                   (no boots)
Stlth   ++........              (no amulet)
HPRegen 0.00/turn               g - +6 ring of dexterity
MPRegen 0.10/turn               (no ring)

@: flying, very slightly contaminated, inhibited regen, slowed, very slow
A: claws 1, cold resistance 1, negative energy resistance 3, inhibited
regeneration, torment resistance 2
a: no special abilities


You were on level 2 of the Dungeon.
You visited 1 branch of the dungeon, and saw 2 of its levels.

You collected 141 gold pieces.

Inventory:

Hand Weapons
 a - a +0 dagger (weapon)
Missiles
 c - 6 stones
Armour
 b - a +0 robe (worn)
Magical Staves
 d - a staff of cold
Jewellery
 g - a +6 ring of dexterity (left claw)
Scrolls
 f - a scroll of enchant weapon {unknown}
 h - 3 scrolls of identify {unknown}


   Skills:
 + Level 2.5 Dodging
 - Level 2.1 Stealth
 - Level 2.4 Spellcasting
 + Level 0.4 Conjurations
 - Level 1.3 Transmutations
 + Level 4.0 Earth Magic


You had 3 spell levels left.
You knew the following spells:

 Your Spells              Type           Power      Damage    Failure   Level
a - Sandblast             Erth           18%        2d7       6%          1
b - Stone Arrow           Conj/Erth      10%        3d7       34%         3

Your spell library contained the following spells:

 Spells                   Type           Power      Damage    Failure   Level
 Passwall                 Tmut/Erth      5%         N/A       16%         2
 Petrify                  Tmut/Erth      6%         N/A       69%         4
 Irradiate                Conj/Tmut      1%         3d14      99%         5
 Blade Hands              Tmut           Unusable   N/A       N/A         5
 Dragon Form              Tmut           Unusable   N/A       N/A         7

Dungeon Overview and Level Annotations

Branches:
Dungeon (2/15)

Altars:

Annotations:
D:2 Natasha


Innate Abilities, Weirdness & Mutations

You thrive by killing the living.
You are immune to poison.
You have sharp fingernails.
Your flesh is cold resistant. (rC+)
You are immune to negative energy. (rN+++)
You do not regenerate when monsters are visible.
You are immune to unholy pain and torment.


Message History

Natasha claws you.
* * * LOW HITPOINT WARNING * * *
Casting: Stone Arrow (quite dangerous; 32% risk of failure)
Confirm with . or Enter, or press ? or * to list all spells.
You don't have enough magic to cast this spell.
Unknown command.
Casting: Stone Arrow (quite dangerous; 32% risk of failure)
Confirm with . or Enter, or press ? or * to list all spells.
You don't have enough magic to cast this spell.
Unknown command.
It was a potion of flight.
You feel very buoyant.
You fly up into the air.
Natasha claws you.
* * * LOW HITPOINT WARNING * * *
It was a potion of degeneration.
There was something very wrong with that liquid.
You feel weakened.
You feel dopey.
You feel clumsy. Natasha claws you.
* * * LOW HITPOINT WARNING * * *
Casting: Stone Arrow (quite dangerous; 34% risk of failure)
Confirm with . or Enter, or press ? or * to list all spells.
Aiming: Sandblast (safe; 6% risk of failure)
Press: ? - help, Shift-Dir - straight line, f/p - Natasha
Aim: Natasha (heavily wounded, 72% to hit)
The blast of sand hits Natasha.
Natasha is severely wounded.
Natasha hisses.
Natasha stares at you and mumbles some strange words.
You feel yourself slow down.
Casting: Sandblast (safe; 6% risk of failure)
Confirm with . or Enter, or press ? or * to list all spells.
You don't have enough magic to cast this spell.
Unknown command.
You hit Natasha but do no damage.
Natasha is severely wounded.
Natasha claws you but does no damage. x2
You closely miss Natasha.
Natasha is severely wounded.
Natasha claws you.
You die...

#.#...#######................
...#..# #................. #.
#..# #.#............... #..#.##
###..#......### #.#
#.#..###...###.....#####.#
#.#...................##.#
#..............###..#.##.#
#..........###..###......###
#......)...# ##@# ###......#
##.........## #.h.# #......#
##.........# ##.## #......##
.#.........# #.# #.......####
...........### ... ..............
.............. #.##..#.......#...
........#...####.##..#...........
..............#...## #......##...
........###...##.############....


You could see Natasha.

Vanquished Creatures
  3 adders (D:2)
  2 worms (D:2)
  A ball python (D:1)
  6 bats
  2 endoplasms (D:1)
  3 giant cockroaches
  5 goblins (D:1)
  2 hobgoblins
  4 jackals (D:1)
  A quokka (D:1)
  4 frilled lizards (D:1)
  3 kobolds (D:1)
  3 rats
39 creatures vanquished.

Notes
Turn   | Place    | Note
-------+----------+-------------------------------------------
     0 | D:1      | Mesmaeker13 the Ghoul Earth Elementalist began the quest
                  | for the Orb.
     0 | D:1      | Reached XP level 1. HP: 14/14 MP: 2/2
   117 | D:1      | Reached skill level 1 in Transmutations
   164 | D:1      | Reached XP level 2. HP: 15/20 MP: 1/3
   624 | D:1      | Found a faded altar of an unknown god.
   767 | D:1      | Reached XP level 3. HP: 24/26 MP: 0/5
  1523 | D:2      | Learned a level 3 spell: Stone Arrow
  1592 | D:2      | Reached XP level 4. HP: 17/33 MP: 2/6
  2053 | D:2      | Reached skill level 4 in Earth Magic
  2445 | D:2      | Noticed Natasha
  2458 | D:2      | HP: 1/33 [Natasha (1)]
  2461 | D:2      | Slain by Natasha

Illustrated notes

Levels and vault maps discovered:
D:1:      kilobyte_arrival_exit_the_forest, layout_rooms,
          shapermc_ecumenical_altar_venn, minmay_domino_4
D:2:      layout_rooms, amcnicky_mini_corridor_feature, uniq_natasha

Skill      XL: |  1  2  3  4 |
---------------+-------------+-----
Transmutations | 1 |  1.3
Dodging        | 2 |  2.5
Spellcasting   | 2 |  2.4
Earth Magic    | 4 |  4.0
Stealth        | |  2.1
Conjurations   | |  0.4

Action                   |  1- 3 |  4- 6 || total
-------------------------+-------+-------++-------
Melee: Unarmed           |    28 |       ||    28
       Dagger            |    73 |    53 ||   126
 Cast: Sandblast         |    29 |     2 ||    31
       Stone Arrow       |       |     1 ||     1
  Use: Potion            |       |     2 ||     2
 Stab: Sleeping          |     1 |       ||     1
Armor: Robe              |    26 |     9 ||    35
Dodge: Dodged            |   101 |    23 ||   124

Table legend: (Time is in decaauts)
 A = Elapsed time spent in this place.
 B = Non-inter-level travel time spent in this place.
 C = Inter-level travel time spent in this place.
 D = Time resting spent in this place.
 E = Time spent auto-exploring this place.
 F = Levels seen in this place.
 G = Mean time per level.
                   A        B        C        D        E       F      G
               +--------+--------+--------+--------+--------+-----+--------+
         Total |   2471 |   2438 |     33 |    979 |   1018 |   2 | 1235.5 |
       Dungeon |   2471 |   2438 |     33 |    979 |   1018 |   2 | 1235.5 |
               +--------+--------+--------+--------+--------+-----+--------+

Top non-repeatable levels by time:
     D:1: 1255 daAuts
     D:2: 1215 daAuts
